 Dungeon Crawl Stone Soup version 0.28-a0-1236-gb25a51b929 (webtiles) character file.

Game seed: 6955945101846103786

186 freelancePsychic the Skirmisher (level 5, 0/40 HPs)
             Began as a Djinni Warper on Dec 25, 2021.
             Slain by an orc wizard (2 damage)
             ... on level 4 of the Dungeon.
             The game lasted 00:06:16 (3246 turns).

freelancePsychic the Skirmisher (Djinni Warper)     Turns: 3246, Time: 00:06:17

Health: 0/40       AC:  3    Str: 10    XL:     5   Next: 98%
Gold:   88         EV: 11    Int: 22    God:
                   SH:  0    Dex: 13

rFire   + + .      SeeInvis .   d - +2 dagger (speed)
rCold   x . .      Faith    .   (no shield)
rNeg    . . .      Spirit   .   b - +0 leather armour
rPois   ∞          Reflect  .   (no helmet)
rElec   .          Harm     .   (no cloak)
rCorr   .          Rampage  .   (no gloves)
Will    .....                   (boots unavailable)
Stlth   +.........              (no amulet)
HPRegen 0.13/turn               c - +6 ring of intelligence
MPRegen 0.00/turn               (no ring)

@: flying
A: sickness immunity, fire resistance 2, cold vulnerability 1, float, innate
caster, hp casting, extra vitality 1
a: no special abilities


You were on level 4 of the Dungeon.
You visited 1 branch of the dungeon, and saw 4 of its levels.

You collected 88 gold pieces.

Inventory:

Hand Weapons
 d - a +2 dagger of speed (weapon)
 l - a +0 short sword of electrocution
Missiles
 e - 20 sling bullets
Armour
 b - a +0 leather armour (worn)
 i - a +0 buckler
Magical Staves
 f - a staff of conjuration
Jewellery
 c - a +6 ring of intelligence (left hand)
 j - an amulet of faith
Scrolls
 a - a scroll of enchant armour {unknown}


   Skills:
 + Level 3.6 Fighting
 + Level 3.2 Short Blades
 - Level 0.7 Throwing
 - Level 1.0 Armour
 - Level 2.1 Dodging
 + Level 3.3 Spellcasting


You couldn't memorise any spells.
You knew the following spells:

 Your Spells              Type           Power      Damage    Failure   Level
a - Blink                 Tloc           36%        N/A       6%          2
b - Lesser Beckoning      Tloc           18%        N/A       12%         3
c - Gell's Gravitas       Tloc           18%        N/A       12%         3
d - Teleport Other        Tloc           18%        N/A       12%         3
e - Manifold Assault      Tloc           18%        N/A       75%         5
f - Slow                  Hex            72%        N/A       4%          1
g - Poisonous Vapours     Pois/Air       36%        N/A       6%          2
Your spell library was empty.

Dungeon Overview and Level Annotations

Branches:
Dungeon (4/15)
 Temple: D:4-7

Altars:
Dithmenos


Innate Abilities, Weirdness & Mutations

You are immune to sickness and miasma.
You are immune to poison.
Your flesh is very heat resistant. (rF++)
You are vulnerable to cold. (rC-)
You float through the air rather than walking.
You learn spells naturally, not from books.
Your magical power is your life essence.
You have superior vitality. (+4 MHP)


Message History

The orc hits you but does no damage.
You kill the ogre!
The orc completely misses you.
Your Short Blades skill increases to level 3!
You cannot move.
You cannot move.
You hit something.
You hear some strange, mumbled words.
A puff of flame appears from out of thin air!
The puff of flame hits you!
* * * LOW HITPOINT WARNING * * *
You miss something.
The quokka looks more healthy.
You kill the orc!
You hit something but do no damage. Something hits you but does no damage.
Aiming: Slow (safe; 3% risk of failure)
Press: ? - help, Q - select action, (/) - cycle Shift-Dir - straight line, f - orc
Aim: an orc, wielding a +0 dagger (almost dead, poisoned, chance to affect: 73%)
Okay, then.
Casting: Slow (safe; 3% risk of failure)
Confirm with . or Enter, or press ? or * to list all spells.
Aiming: Poisonous Vapours (safe; 4% risk of failure)
Press: ? - help, Dir - move target Poisonous vapours surround something!
* * * LOW HITPOINT WARNING * * *
You feel less wooden.
Your +0 leather armour unmelds from your body.
You kill the orc!
Something hits you.
* * * LOW HITPOINT WARNING * * *
You aren't carrying any potions.
Items here: ( )))) [ ††.
Casting: Poisonous Vapours (safe; 6% risk of failure)
Confirm with . or Enter, or press ? or * to list all spells.
Aiming: Poisonous Vapours (safe; 6% risk of failure)
Press: ? - help, Dir - move target, f - quokka
Aim: a quokka (almost dead) Poisonous vapours surround the quokka!
The quokka is poisoned.
* * * LOW HITPOINT WARNING * * *
Something hits you.
You die...

######..or.O........#
#......###..........#
#....### #...O....<.#
####.# ######.##...#
#.## #..###.# #).#
##.<# .# ##r# .Oo. .
#.# .....$ #@# ......
#..# ...... ##..#
o..... #.# .# .. ..
...


You could see a quokka (poisoned).

Vanquished Creatures
  An ogre (D:4)
  A howler monkey skeleton (D:4)
  An adder (D:2)
  5 dart slugs
  7 orcs
  8 endoplasms
  2 giant cockroaches
  3 goblins (D:1)
  6 hobgoblins
  3 jackals (D:2)
  3 quokkas
  3 ball pythons (D:1)
  5 bats
  4 frilled lizards (D:1)
  4 kobolds
  9 rats
65 creatures vanquished.

Notes
Turn   | Place    | Note
-------+----------+-------------------------------------------
     0 | D:1      | freelancePsychic the Djinni Warper began the quest for the
                  | Orb.
     0 | D:1      | Reached XP level 1. HP: 18/18 MP: 0/0
   607 | D:2      | Reached XP level 2. HP: 23/23 MP: 0/0
  1045 | D:1      | Reached XP level 3. HP: 20/29 MP: 0/0
  1045 | D:1      | Learned a level 1 spell: Slow
  1600 | D:1      | Found a faded altar of an unknown god.
  1972 | D:2      | Reached XP level 4. HP: 32/34 MP: 0/0
  2430 | D:2      | Found a shadowy altar of Dithmenos.
  3165 | D:4      | Noticed an ogre
  3224 | D:4      | Reached XP level 5. HP: 40/40 MP: 0/0
  3224 | D:4      | Learned a level 2 spell: Poisonous Vapours
  3238 | D:4      | Killed an ogre
  3246 | D:4      | Slain by an orc wizard

Illustrated notes

Levels and vault maps discovered:
D:1:      saegor_arrival_miasma, layout_basic,
          hellmonk_ecumenical_altar_leap_of_faith
D:2:      layout_loops_corners, basic_altar
D:3:      layout_loops_cross, mainiacjoe_overflow_small_starburst
D:4:      layout_rooms, uniq_pikel

Skill      XL: |  1  2  3  4  5 |
---------------+----------------+-----
Short Blades   | 2 3 |  3.2
Fighting       | 3 |  3.6
Spellcasting   | 3 |  3.3
Throwing       | |  0.7
Armour         | |  1.0
Dodging        | |  2.1

Action                   |  1- 3 |  4- 6 || total
-------------------------+-------+-------++-------
Melee: Short sword       |    46 |       ||    46
       Dagger            |   100 |   111 ||   211
Throw: Boomerang         |     5 |       ||     5
 Cast: Slow              |     2 |       ||     2
       Blink             |       |     2 ||     2
       Poisonous Vapours |       |    14 ||    14
  Use: Scroll            |     3 |     1 ||     4
       Potion            |       |     4 ||     4
 Stab: Sleeping          |     1 |       ||     1
Armor: Leather armour    |    25 |    20 ||    45
       Skin              |       |    45 ||    45
Dodge: Dodged            |    70 |    52 ||   122

Table legend: (Time is in decaauts)
 A = Elapsed time spent in this place.
 B = Non-inter-level travel time spent in this place.
 C = Inter-level travel time spent in this place.
 D = Time resting spent in this place.
 E = Time spent auto-exploring this place.
 F = Levels seen in this place.
 G = Mean time per level.
                   A        B        C        D        E       F      G
               +--------+--------+--------+--------+--------+-----+--------+
         Total |   3159 |   3101 |     58 |    644 |   1947 |   4 |  789.8 |
       Dungeon |   3159 |   3101 |     58 |    644 |   1947 |   4 |  789.8 |
               +--------+--------+--------+--------+--------+-----+--------+

Top non-repeatable levels by time:
     D:1: 1382 daAuts
     D:2: 1309 daAuts
     D:3: 339 daAuts
     D:4: 128 daAuts
